 Dungeon Crawl Stone Soup version 0.22-a0-448-g1fb7470 (webtiles) character file.

271 pk666 the Magician (level 6, -2/32 HPs)
             Began as a Deep Elf Fire Elementalist on June 4, 2018.
             Slain by an orc
             ... wielding a +0 mace
              (5 damage)
             ... on level 3 of the Dungeon.
             The game lasted 00:06:32 (3145 turns).

pk666 the Magician (Deep Elf Fire Elementalist)     Turns: 3145, Time: 00:06:33

Health: -2/32      AC:  2    Str:  8    XL:     6   Next: 2%
Magic:  3/15       EV: 13    Int: 22    God:
Gold:   80         SH:  0    Dex: 15    Spells: 9/15 levels left

rFire    . . .     SeeInvis .   b - +0 dagger
rCold    . . .     Gourm    .   (no shield)
rNeg     . . .     Faith    .   a - +0 robe
rPois    .         Spirit   .   (no helmet)
rElec    .         Reflect  .   (no cloak)
rCorr    .         Harm     .   (no gloves)
MR       .....                  (no boots)
Stlth    ++........             (no amulet)
HPRegen  0.10/turn              k - +3 ring of strength
MPRegen  0.14/turn              (no ring)

@: very slightly contaminated
A: no striking features
a: no special abilities


You were on level 3 of the Dungeon.
You were not hungry.

You visited 1 branch of the dungeon, and saw 3 of its levels.

You collected 80 gold pieces.

Inventory:

Hand Weapons
 b - a +0 dagger (weapon)
Armour
 a - a +0 robe (worn)
Jewellery
 k - a +3 ring of strength (left hand)
 p - an uncursed ring of stealth {unknown}
Scrolls
 d - a scroll of identify {unknown}
 g - 2 scrolls of magic mapping {unknown}
 h - a scroll of noise {unknown}
 j - 3 scrolls of remove curse {unknown}
 n - a scroll of amnesia {unknown}
Potions
 e - a potion of magic {unknown}
 f - a potion of curing {unknown}
 i - a potion of flight {unknown}
 l - a potion of brilliance {unknown}
 o - a potion of mutation {unknown}
Comestibles
 c - 4 rations
 m - 6 chunks of flesh


   Skills:
 - Level 2.4 Dodging
 - Level 2.4 Stealth
 + Level 5.3 Spellcasting
 * Level 4.0 Conjurations
 + Level 5.0 Fire Magic


You had 9 spell levels left.
You knew the following spells:

 Your Spells              Type           Power        Failure   Level  Hunger
a - Flame Tongue          Conj/Fire      ####.        1%          1    None
z - Fireball              Conj/Fire      ####......   38%         5    #####..

Your spell library contained the following spells:

 Spells                   Type           Power        Failure   Level  Hunger
 Conjure Flame            Conj/Fire      ####....     4%          3    ##.....
 Throw Flame              Conj/Fire      ####..       2%          2    None
 Sticky Flame             Conj/Fire      ####....     16%         4    ####...
 Inner Flame              Hex/Fire       ###.....     11%         3    ##.....


Dungeon Overview and Level Annotations

Branches:
Dungeon (3/15)

Altars:
Trog


Message History

Increase (S)trength, (I)ntelligence, or (D)exterity?
You feel clever.
Casting: Flame Tongue (safe; 1% risk of failure)
Confirm with . or Enter, or press ? or * to list all spells.
Aiming: Flame Tongue (safe; 1% risk of failure)
Press: ? - help, Shift-Dir - straight line, f - orc
Aim: an orc, wielding a mace and wearing a leather armour The flame tongue hits the orc.
The orc is heavily wounded.
The orc hits you with a mace!
* * * LOW HITPOINT WARNING * * *
Casting: Flame Tongue (safe; 1% risk of failure)
Confirm with . or Enter, or press ? or * to list all spells.
Aiming: Flame Tongue (safe; 1% risk of failure)
Press: ? - help, Shift-Dir - straight line, f/p - orc
Aim: an orc, wielding a mace and wearing a leather armour (heavily wounded)
The flame tongue hits the orc.
The orc appears unharmed.
The orc is heavily wounded.
The orc hits you with a mace.
You die...

#.....# #####.#
##.## .. ##...#
#..##########.###.#
#......(......# ...
#............# ###
#.####.####.#...#
#.# #@# #.##.##
#.##o# #.# .# #.#)#
... #
######..##.###
#.#...#......#
#oo.o.....##.#
#.#...##### .. ##.#
# #.


You could see an orc.

Vanquished Creatures
  2 orc priests (D:2)
  2 orc wizards (D:3)
  5 gnolls
  4 adders (D:2)
  4 worms (D:2)
  A dart slug (D:2)
  2 leopard geckos
  7 orcs
  3 giant cockroaches
  3 hobgoblins
  6 bats
  A frilled lizard (D:3)
  10 goblins
  5 kobolds
  9 rats
64 creatures vanquished.

Notes
Turn   | Place    | Note
-------+----------+-------------------------------------------
     0 | D:1      | pk666 the Deep Elf Fire Elementalist began the quest for the Orb.
     0 | D:1      | Reached XP level 1. HP: 10/10 MP: 6/6
   183 | D:1      | Reached XP level 2. HP: 14/15 MP: 0/8
   952 | D:2      | Reached XP level 3. HP: 9/19 MP: 3/10
  1689 | D:2      | Reached XP level 4. HP: 24/24 MP: 4/12
  1962 | D:2      | Reached XP level 5. HP: 27/28 MP: 4/14
  2053 | D:2      | Learned a level 5 spell: Fireball
  2360 | D:2      | Noticed a moth of wrath
  2363 | D:2      | Found a bloodstained altar of Trog.
  2577 | D:2      | Reached skill level 5 in Spellcasting
  3139 | D:3      | Reached skill level 5 in Fire Magic
  3143 | D:3      | Reached XP level 6. HP: 11/32 MP: 5/15
  3145 | D:3      | Slain by an orc

Vault maps used:
D:1:      minmay_arrival_up_and_down, roderic_lattice_a, nrook_uturn,
          serial_bayou_pond_c, minmay_misc_feat_enclosed, minivault_26
D:2:      tgw_trog, minmay_tetromino_o4
D:3:      grunt_temple_overflow_open

Skill      XL: |  1  2  3  4  5 |
---------------+----------------+-----
Conjurations   | 2 3 4 |  4.0
Fire Magic     | 4 5 |  5.0
Spellcasting   | 4 5 |  5.3
Dodging        | |  2.4
Stealth        | |  2.4

Action                   |  1- 3 |  4- 6 || total
-------------------------+-------+-------++-------
Melee: Dagger            |       |    19 ||    19
 Cast: Flame Tongue      |    58 |    78 ||   136
  Eat: Chunk             |     2 |     5 ||     7
Armor: Robe              |     4 |     4 ||     8
Dodge: Dodged            |    13 |    27 ||    40

Table legend:
 A = Spawn XP
 B = Non-spawn XP
 C = Spawn XP percentage of total XP
 D = Spawn monster count
 E = Non-spawn monster count
 F = Spawn count percentage of total count
 G = Total turns spent on level
                    A         B        C        D         E        F      G
               +---------+---------+-------+---------+---------+-------+---------
         Total |       0 |     388 |   0.0 |       0 |      64 |   0.0 |  3145
               +---------+---------+-------+---------+---------+-------+---------
           D:1 |       0 |      26 |   0.0 |       0 |      19 |   0.0 |   829
           D:2 |       0 |     248 |   0.0 |       0 |      31 |   0.0 |  2035
           D:3 |       0 |     114 |   0.0 |       0 |      14 |   0.0 |   281
               +---------+---------+-------+---------+---------+-------+---------
